 Dungeon Crawl Stone Soup version 0.27-a0-808-g60bc5d92e6 (webtiles) character file.

Game seed: 5304207680230302979

10136 tilp the Thaumaturge (level 11, 0/81 HPs)
             Began as a Djinni Venom Mage on Mar 28, 2021.
             Was a Believer of Makhleb.
             Slain by a five-headed hydra (12 damage)
             ... on level 11 of the Dungeon.
             The game lasted 00:28:14 (15910 turns).

tilp the Thaumaturge (Djinni Venom Mage)           Turns: 15910, Time: 00:28:14

Health: 0/81       AC:  5    Str:  7    XL:     11   Next: 57%
Gold:   721        EV: 13    Int: 25    God:    Makhleb [**....] SH:  0 Dex: 15

rFire    + + .     SeeInvis .   a - +9 staff of Olgreb {rPois∞}
rCold    x . .     Faith    .   (no shield)
rNeg     . . .     Spirit   .   r - +1 robe
rPois    ∞         Reflect  .   n - +2 hat
rElec    .         Harm     .   (no cloak)
rCorr    .         Rampage  .   (no gloves)
Will     +....                  (boots unavailable)
Stlth    +++.......             M - amulet of the acrobat
HPRegen  0.23/turn              I - +4 ring of slaying
MPRegen  0.00/turn              C - +6 ring of intelligence

@: flying
A: fire resistance 2, cold vulnerability 1, float, innate caster, hp casting,
extra vitality 1
a: Renounce Religion, Minor Destruction


You were on level 11 of the Dungeon.
You worshipped Makhleb.
Makhleb was pleased with you.
You visited 2 branches of the dungeon, and saw 13 of its levels.
You also visited: Sewer.

You collected 739 gold pieces.
You spent 18 gold pieces at shops.

Inventory:

Hand Weapons
 a - the +9 staff of Olgreb (weapon) {rPois∞}
   (You found it on level 5 of the Dungeon)

   It may poison the flesh of those it strikes, and is more effective with a
   high Evocations skill.
   It enhances your poison magic.
   It grants immunity to poison.
   It can be evoked to poison those around you for a time.
 b - a +6 mace of freezing
 y - a +2 vorpal long sword
 J - a +1 morningstar of flaming
Missiles
 j - 312 stones
 z - 56 poisoned darts
 A - 5 atropa-tipped darts
 E - 9 boomerangs (quivered)
 G - a throwing net
 L - a curare-tipped dart
Armour
 n - a +2 hat (worn)
 r - a +1 robe (worn)
Magical Staves
 f - a staff of earth
Jewellery
 i - a +4 ring of evasion
 B - an amulet of regeneration
 C - a +6 ring of intelligence (right hand)
 D - a ring of resist corrosion
 I - a +4 ring of slaying (left hand)
 M - an amulet of the acrobat (around neck)
Wands
 c - a wand of paralysis (5)
 x - a wand of acid (4)
 F - a wand of charming (9)
 H - a wand of digging (4)
 K - a wand of flame (24)
Scrolls
 g - 3 scrolls of immolation
 m - 5 scrolls of teleportation
 o - 2 scrolls of summoning
 p - 2 scrolls of blinking
 t - 3 scrolls of vulnerability
 u - 3 scrolls of fog
 v - a scroll of enchant weapon
 O - a scroll of torment {unknown}
Potions
 d - 2 potions of haste
 e - 6 potions of heal wounds
 h - 2 potions of cancellation
 k - 9 potions of curing
 l - 4 potions of lignification
 q - 3 potions of mutation
 s - a potion of berserk rage {unknown}
 w - a potion of resistance
 N - a potion of invisibility {unknown}


   Skills:
 - Level 8.0 Fighting
 - Level 4.0 Dodging
 - Level 4.0 Stealth
 + Level 11.8 Spellcasting
 - Level 6.0 Evocations


You had 6 spell levels left.
You knew the following spells:

 Your Spells              Type           Power      Damage    Failure   Level
a - Sting                 Tmut/Pois      100%       1d8       1%          1
b - Poisonous Vapours     Pois/Air       100%       N/A       1%          2
c - Mephitic Cloud        Conj/Pois/Air  84%        N/A       1%          3
d - Ignite Poison         Fire/Tmut/Pois 84%        N/A       1%          3
e - Olgreb's Toxic Radia  Pois           84%        N/A       1%          4
f - Pain                  Necr           100%       1d9       1%          1
g - Corpse Rot            Necr/Air       N/A        N/A       1%          2
h - Summon Guardian Gole  Hex/Summ       65%        N/A       1%          3
i - Gell's Gravitas       Tloc           32%        N/A       1%          3
j - Agony                 Necr           65%        N/A       1%          5
Your spell library was empty.

Dungeon Overview and Level Annotations

Branches:
Dungeon (12/15)            Temple (1/1) D:6            Lair (0/6) D:9
    Orc (0/2) D:11          Sewer (visited)

Altars:
Ashenzari
Cheibriados
Dithmenos
Elyvilon
Fedhas
Gozag
Hepliaklqana
Kikubaaqudgha
Makhleb
Nemelex Xobeh
Okawaru
Qazlal
Ru
Sif Muna
Trog
Uskayaw
Vehumet
Wu Jian
Xom
Yredelemnul
Zin
The Shining One

Shops:
D:5 =   D:6 *   D:9 *!!(

Portals:
Trove: D:11 (show abyssal rune of Zot)

Annotations:
D:8 3 runed translucent doors


Innate Abilities, Weirdness & Mutations

You are immune to poison.
Your flesh is very heat resistant. (rF++)
You are vulnerable to cold. (rC-)
You float through the air rather than walking.
You learn spells naturally, not from books.
Your magical power is your life essence.
You have superior vitality. (+4 HP)


Message History

Casting: Ignite Poison (safe; 1% risk of failure)
Confirm with . or Enter, or press ? or * to list all spells.
Aiming: Mephitic Cloud (safe; 1% risk of failure)
Press: ? - help, Shift-Dir - straight line You feel a surge of power!
The ball explodes into a vile cloud!
The stinking cloud engulfs you but does no damage.
The stinking cloud engulfs the five-headed hydra but does no damage.
The five-headed hydra is moderately wounded.
The five-headed hydra bites you!
The five-headed hydra completely misses you.
The five-headed hydra misses you.
The five-headed hydra barely misses you.
The five-headed hydra bites you!
Casting: Mephitic Cloud (safe; 1% risk of failure)
Confirm with . or Enter, or press ? or * to list all spells.
You feel a surge of power!
You ignite the poison in your surroundings!
The five-headed hydra is engulfed in blazing flames.
The five-headed hydra bites you.
The five-headed hydra bites you but does no damage.
The five-headed hydra misses you. x3
Unknown command.
You hit the five-headed hydra.
You envenom the five-headed hydra.
The five-headed hydra is poisoned.
The five-headed hydra is heavily wounded.
The five-headed hydra is engulfed in blazing flames.
The five-headed hydra bites you! The five-headed hydra bites you.
The five-headed hydra bites you but does no damage.
The five-headed hydra bites you!
* * * LOW HITPOINT WARNING * * *
The five-headed hydra bites you.
* * * LOW HITPOINT WARNING * * *
The five-headed hydra is engulfed in blazing flames.
The five-headed hydra bites you!
* * * LOW HITPOINT WARNING * * *
The five-headed hydra barely misses you.
The five-headed hydra bites you.
* * * LOW HITPOINT WARNING * * *
The five-headed hydra bites you!
You die...

####
##.....###..##.##.....
##....## #.####.#.....
#.....# #..#.........
#.....# #..##........
##....####.# #........
#####.......###....)(..
#...................<..
#.......#..##..........
##....@.#..##..........
##...#D☼§####........#
#####○○☼# #.........
##..☼......>....#
°○○...........#
○....##.#......
.....####.#...# #......
##....# ...... ###.##


You could see a five-headed hydra (poisoned).

Vanquished Creatures
  2 two-headed ogres
  An ugly thing (D:10)
  A manticore (D:11)
  A cyclops (D:11)
  A troll (D:9)
  A hornet (D:10)
  Sigmund (D:2)
  2 vampires
  2 redbacks (D:5)
  2 wyverns
  An acid dragon (D:8)
  4 water moccasins
  7 orc warriors
  An ice beast (D:7)
  A hornet zombie (D:7)
  A black bear (D:7)
  4 necrophages
  An ogre (D:5)
  11 centaurs
  A kobold brigand (D:10)
  Blork the orc (D:6)
  3 gnoll sergeants
  3 bullfrogs
  A wyvern zombie (D:6)
  A wyvern skeleton (D:5)
  11 scorpions
  10 killer bees
  8 wights
  An electric eel (D:10)
  A howler monkey (D:6)
  2 centaur zombies
  7 orc priests
  2 centaur skeletons
  3 hounds
  5 iguanas
  11 orc wizards
  A howler monkey skeleton (D:5)
  21 gnolls
  11 adders
  4 river rats
  A shadow imp (D:5)
  A white imp (D:6)
  2 adder skeletons
  4 worms (Sewer)
  3 dart slugs
  26 orcs
  12 bats
  6 endoplasms
  7 giant cockroaches
  9 goblins
  A hobgoblin (D:3)
  9 jackals
  9 kobolds
  13 quokkas
  10 ball pythons
  2 frilled lizards
  3 rats
271 creatures vanquished.

Vanquished Creatures (others)
  45 plants (D:5)
  5 withered plants (D:8)
50 creatures vanquished.

Grand Total: 321 creatures vanquished

Notes
Turn   | Place    | Note
-------+----------+-------------------------------------------
     0 | D:1      | tilp the Djinni Venom Mage began the quest for the Orb.
     0 | D:1      | Reached XP level 1. HP: 15/15 MP: 0/0
   365 | D:1      | Reached skill level 3 in Spellcasting
   566 | D:1      | Reached XP level 2. HP: 17/21 MP: 0/0
  1447 | D:2      | Reached XP level 3. HP: 19/25 MP: 0/0
  1447 | D:2      | Learned a level 1 spell: Pain
  1745 | D:2      | Reached skill level 4 in Spellcasting
  2120 | D:2      | Reached XP level 4. HP: 29/31 MP: 0/0
  2360 | D:2      | Noticed Sigmund
  2364 | D:2      | Killed Sigmund
  2365 | D:2      | Reached skill level 5 in Spellcasting
  2365 | D:2      | Reached XP level 5. HP: 26/35 MP: 0/0
  2365 | D:2      | Learned a level 2 spell: Corpse Rot
  2709 | D:3      | Reached XP level 6. HP: 28/40 MP: 0/0
  2838 | D:3      | Found a glowing drain.
  3043 | Sewer    | Entered a sewer
  4559 | D:4      | Reached skill level 6 in Spellcasting
  4805 | D:4      | Reached skill level 1 in Fighting
  5072 | D:4      | Reached XP level 7. HP: 46/49 MP: 0/0
  5072 | D:4      | Learned a level 3 spell: Summon Guardian Golem
  5218 | D:4      | You are sucked into a shaft and drop 3 floors!
  5681 | D:6      | Reached XP level 8. HP: 16/56 MP: 0/0
  6190 | D:5      | Entered Level 5 of the Dungeon
  6674 | D:5      | Reached skill level 7 in Spellcasting
  7325 | D:5      | Found the +9 staff of Olgreb {rPois∞}
  7327 | D:5      | Found a runed translucent door.
  7332 | D:5      | Found a runed translucent gate.
  7332 | D:5      | Found a runed translucent gate.
  7332 | D:5      | Noticed a redback
  7332 | D:5      | Noticed a redback
  7333 | D:5      | Found a runed translucent door.
  7344 | D:5      | Found a runed translucent gate.
  7353 | D:5      | Killed a redback
  7354 | D:5      | Reached skill level 8 in Spellcasting
  7354 | D:5      | Reached XP level 9. HP: 56/63 MP: 0/0
  7354 | D:5      | Learned a level 3 spell: Gell's Gravitas
  7373 | D:5      | Reached skill level 5 in Fighting
  8142 | D:5      | Reached skill level 9 in Spellcasting
  8188 | D:5      | Found Riqasm's Jewellery Shoppe.
  8420 | D:6      | Noticed Blork the orc
  8427 | D:6      | Killed Blork the orc
  8557 | D:6      | Found a staircase to the Ecumenical Temple.
  8565 | Temple   | Entered the Ecumenical Temple
  8831 | D:6      | Found Ysokk's General Store.
  8911 | D:6      | Bought 3 boomerangs for 18 gold pieces
  9032 | D:7      | Reached XP level 10. HP: 19/75 MP: 0/0
 11062 | D:8      | Reached skill level 10 in Spellcasting
 11155 | D:8      | Found a runed translucent gate.
 11155 | D:8      | Found a runed translucent gate.
 11157 | D:8      | Found a runed translucent gate.
 11158 | D:8      | Noticed a green ugly thing
 11158 | D:8      | Noticed a purple ugly thing
 11160 | D:8      | Noticed a brown ugly thing
 11160 | D:8      | Noticed a purple ugly thing
 11162 | D:8      | Noticed a purple ugly thing
 12077 | D:9      | Found Pohocrou's Distillery.
 12469 | D:9      | Found a staircase to the Lair.
 12565 | D:9      | Found Vunycoz's Antique Weapon Boutique.
 12799 | D:9      | Noticed a two-headed ogre
 12805 | D:9      | Killed a two-headed ogre
 12806 | D:9      | Reached skill level 5 in Evocations
 12904 | D:9      | Found an iron altar of Okawaru.
 12908 | D:9      | Found a shadowy altar of Dithmenos.
 12922 | D:9      | Found a blossoming altar of Fedhas.
 12922 | D:9      | Found a burning altar of Makhleb.
 12930 | D:9      | Became a worshipper of Makhleb the Destroyer
 13036 | D:9      | Found Sekuixam's General Store.
 13050 | D:9      | Found Muona's Distillery.
 13184 | D:10     | Entered Level 10 of the Dungeon
 13231 | D:10     | Reached XP level 11. HP: 75/81 MP: 0/0
 13231 | D:10     | Learned a level 5 spell: Agony
 13537 | D:10     | Noticed a cyan ugly thing
 13816 | D:10     | Found a hazy altar of Hepliaklqana.
 13868 | D:10     | Killed a cyan ugly thing
 14271 | D:10     | Found a blossoming altar of Fedhas.
 14316 | D:10     | Reached * piety under Makhleb
 14596 | D:10     | Reached skill level 11 in Spellcasting
 14936 | D:11     | Noticed a cyclops
 14942 | D:11     | Killed a cyclops
 15144 | D:11     | Noticed a two-headed ogre
 15149 | D:11     | Killed a two-headed ogre
 15210 | D:11     | Found a staircase to the Orcish Mines.
 15210 | D:11     | You are sucked into a shaft and drop 1 floor!
 15409 | D:11     | Noticed a five-headed hydra
 15427 | D:11     | Found a portal to a secret trove of treasure.
 15610 | D:11     | Noticed a manticore
 15613 | D:11     | Killed a manticore
 15642 | D:11     | Reached ** piety under Makhleb
 15910 | D:11     | Slain by a five-headed hydra

Illustrated notes

Levels and vault maps discovered:
D:1:      matt_arrival_spirals, layout_loops_corners
D:2:      layout_basic, grunt_ministairs_6, uniq_sigmund
D:3:      layout_basic, gup_sewer_entry_pipe, led_sif_pool
D:4:      cheibrodos_pilgrimage, layout_rooms, minmay_misc_feat_diagonals,
          minmay_misc_feat_columns
D:5:      wad_woods_tower, layout_rooms, serial_shops,
          nicolae_shop_window_shopping, nrook_loot_triangle, serial_park_tiny_1,
          minmay_guarded_unrand_staff_of_olgreb
D:6:      layout_gridville, temple_green, serial_shops, shop_coins,
          kennysheep_windowed_goal, uniq_blork_the_orc
D:7:      layout_basic
D:8:      layout_layer_cave, kiku_gazebo_garden_becter,
          ploomutoo_gammafunk_ghost_potion_laboratory
D:9:      layout_loops_ring, minmay_overflow_temple_star_hex, lair_entry_dummy,
          serial_shops, nicolae_shop_trees, shop, shop, shop_statue,
          st_stairs_10
D:10:     layout_basic, serial_rivers, chequers_serial_rivers_micro_a,
          chequers_serial_rivers_micro_e, chequers_serial_rivers_micro_b,
          chequers_serial_rivers_micro_e, chequers_serial_rivers_small_b,
          chequers_serial_rivers_marsh, basic_altar, fedhas_altar_4
D:11:     layout_cave_pools, orc_0_dummy, enter_trove_3
D:12:     minmay_distorted_concentric_squares, layout_layer_cave, serial_shops,
          shop, kennysheep_decorative_pillar, uniq_fannar
Temple:   regret_index_temple_sphere_string

Skill      XL: |  1  2  3  4  5  6  7  8  9 10 11 |
---------------+----------------------------------+-----
Spellcasting   | 3 4 5 6 8 9 10 11 | 11.8
Fighting       | 2 3 4 7 8 |  8.0
Stealth        | 2 3 4 |  4.0
Dodging        | 3 4 |  4.0
Evocations     | 5 6 |  6.0

Action                   |  1- 3 |  4- 6 |  7- 9 | 10-12 || total
-------------------------+-------+-------+-------+-------++-------
Melee: Mace              |     8 |       |    49 |       ||    57
       Staff             |     8 |    22 |     4 |    23 ||    57
       Long sword        |       |     6 |     1 |       ||     7
Throw: Stone             |       |       |     1 |       ||     1
       Boomerang         |       |       |       |     1 ||     1
 Cast: Sting             |    21 |    12 |     4 |     2 ||    39
       Poisonous Vapours |    20 |    80 |    65 |    74 ||   239
       Ignite Poison     |       |     1 |    33 |    80 ||   114
       Olgreb's Toxic Ra |       |     3 |     5 |    17 ||    25
       Mephitic Cloud    |       |       |    11 |    16 ||    27
       Agony             |       |       |       |     1 ||     1
Evoke: Staff of Olgreb   |       |       |       |     1 ||     1
       Wand              |       |       |       |     1 ||     1
  Use: Scroll            |     2 |     9 |     3 |     8 ||    22
 Stab: Sleeping          |       |       |     1 |       ||     1
Armor: Robe              |     3 |    13 |    20 |    13 ||    49
Dodge: Dodged            |    15 |    35 |   119 |    42 ||   211
       Rpst.: Long sword |       |     3 |       |       ||     3

Table legend: (Time is in decaauts)
 A = Elapsed time spent in this place.
 B = Non-inter-level travel time spent in this place.
 C = Inter-level travel time spent in this place.
 D = Time resting spent in this place.
 E = Time spent auto-exploring this place.
 F = Levels seen in this place.
 G = Mean time per level.
                   A        B        C        D        E       F      G
               +--------+--------+--------+--------+--------+-----+--------+
         Total |  15944 |  15440 |    504 |   4603 |   8692 |  14 | 1138.9 |
       Dungeon |  14855 |  14359 |    496 |   4346 |   7987 |  12 | 1237.9 |
        Temple |    141 |    133 |      8 |      0 |    133 |   1 |  141.0 |
         Sewer |    947 |    947 |      0 |    257 |    572 |   1 |  947.0 |
               +--------+--------+--------+--------+--------+-----+--------+

Top non-repeatable levels by time:
     D:5: 2077 daAuts
    D:10: 1729 daAuts
     D:8: 1631 daAuts
     D:7: 1499 daAuts
     D:9: 1450 daAuts
     D:1: 1437 daAuts
     D:2: 1202 daAuts
     D:6: 1000 daAuts
   Sewer: 947 daAuts
     D:3: 935 daAuts
     D:4: 891 daAuts
    D:11: 839 daAuts
    D:12: 159 daAuts
  Temple: 141 daAuts
